Map: King Sejong Station LE

Players

Miszu

  • Race: Terran Terran
  • League: Grandmaster

dTefel (Tefel) - Winner!

  • Race: Zerg Zerg
  • League: Grandmaster

VOD

Have the link to the VOD?

Description

Time

  • Played on: June 8, 2016, 12:12 p.m.
  • Length: 10:05
Show
View Real Time Build Order
Export as new Build Order

Miszu Terran 

Build Orders: Liberator Opening, Reaper Expand, MMM Bio 

Get SALT Encoding   

  12  0:00  SCV  
  13  0:12  SCV  
  14  0:17  Supply Depot  
  14  0:24  SCV  
  15  0:38  SCV  
  15  0:40  Barracks  
  16  0:44  Refinery  
  16  0:51  SCV  
  17  1:03  SCV  
  18  1:15  SCV  
  19  1:27  Orbital Command  
  19  1:28  Reaper  
  20  1:49  Command Center  
  20  1:52  Supply Depot  
  20  1:53  SCV  
  21  2:00  Marine  
  22  2:07  SCV  
  23  2:08  Factory  
  23  2:22  SCV  
  23  2:24  Barracks Reactor  
  23  2:25  Refinery  
  23  2:35  SCV  
  24  2:47  SCV  
  25  2:55  Starport  
  25  2:58  Widow Mine  
  25  3:00  Marine x2  
  25  3:03  SCV  
  30  3:10  SCV  
  31  3:17  Command Center, SCV  
  32  3:25  Orbital Command  
  32  3:29  SCV  
  32  3:33  Medivac  
  35  3:37  Marine x2  
  37  3:41  SCV  
  37  3:47  Liberator  
  38  3:54  SCV  
  38  3:55  Marine x2  
  41  3:56  SCV  
  41  4:02  Supply Depot  
  42  4:05  Factory Tech Lab  
  42  4:06  SCV  
  46  4:23  Marine x2, SCV x2  
  50  4:26  Barracks  
  50  4:27  Barracks  
  50  4:30  Orbital Command  
  50  4:35  SCV  
  51  4:41  Marine x2  
  50  4:53  SCV  
  50  4:59  Liberator  
  51  5:01  SCV x2  
  51  5:05  Engineering Bay x2, SCV  
  51  5:06  Refinery x2  
  54  5:13  Marine x2, SCV  
  56  5:15  Barracks Tech Lab x2  
  56  5:16  Widow Mine  
  56  5:17  SCV  
  62  5:25  SCV  
  63  5:29  SCV  
  63  5:31  Missile Turret  
  63  5:33  Missile Turret  
  63  5:34  Orbital Command  
  63  5:35  Terran Infantry Weapons Level 1, Terran Infantry Armor Level 1  
  64  5:37  SCV  
  64  5:38  Stimpack  
  64  5:40  Missile Turret  
  65  5:43  SCV  
  66  5:51  SCV  
  66  5:52  Marine x2  
  66  5:55  Missile Turret  
  66  5:56  SCV  
  68  6:00  Factory Reactor  
  68  6:03  SCV  
  59  6:10  Marine x2  
  59  6:11  Marine x2  
  57  6:15  SCV  
  58  6:20  Starport Reactor  
  58  6:21  SCV x2  
  60  6:27  SCV  
  60  6:28  Marine x2  
  60  6:29  Marine x2, Barracks  
  60  6:30  Barracks x2  
  65  6:33  SCV  
  56  6:47  Marauder  
  56  6:51  Marine x2  
  56  6:53  SCV  
  44  6:56  SCV  
  44  6:57  SCV  
  44  6:59  Marine  
  47  7:06  SCV  
  45  7:08  SCV  
  45  7:13  Combat Shields  
  45  7:16  Marine x4  
  45  7:18  SCV  
  45  7:21  Marine, SCV  
  45  7:22  Marine x2  
  49  7:34  Marine x4  
  51  7:39  Marine x2  
  51  7:40  Marine  
  51  7:42  Orbital Command  
  51  7:43  SCV x2  
  56  7:48  Medivac  
  56  7:50  Medivac  
  60  7:51  Marine  
  61  8:11  Supply Depot  
  61  8:12  Marine x6, SCV x2  
  69  8:16  Supply Depot  
  69  8:19  Supply Depot  
  69  8:32  Marine x5, SCV x2  
  69  8:33  SCV  
  77  8:35  Marine  
  77  8:38  Marine  
  78  8:42  Armory  
  78  8:45  SCV x3  
  81  8:50  Marine  
  70  8:57  SCV  
  70  9:00  SCV  
  70  9:01  Marine  
  70  9:02  Marine x2, Medivac x2  
  73  9:04  Barracks Reactor  
  73  9:05  Barracks Reactor  
  73  9:06  SCV  
  73  9:08  Marine  
  75  9:12  SCV  
  75  9:13  SCV  
  76  9:17  Supply Depot  
  76  9:19  Marine, SCV  
  76  9:21  Factory Reactor  
  70  9:30  Marine x4  
  72  9:32  Medivac x2, SCV x3  
  72  9:37  Marine  
  80  9:41  Supply Depot  
  80  9:43  Bunker  
  80  9:44  SCV x3  
  83  9:47  Supply Depot  
  82  9:55  Bunker  
Show
View Real Time Build Order
Export as new Build Order

dTefel Zerg - Winner!

Build Orders: Pool First 

Get SALT Encoding   

  12  0:00  Drone  
  13  0:08  Drone  
  14  0:17  Overlord  
  14  0:21  Extractor  
  14  0:23  Drone  
  16  0:35  Drone x2  
  17  0:44  Spawning Pool  
  17  0:48  Drone  
  17  1:08  Hatchery  
  16  1:12  Drone  
  16  1:13  Extractor  
  16  1:16  Drone  
  17  1:19  Drone  
  18  1:30  Queen  
  20  1:33  Drone  
  20  1:38  Overlord  
  21  1:48  Drone  
  22  1:59  Drone  
  23  2:06  Queen  
  25  2:10  Drone  
  25  2:12  Metabolic Boost  
  26  2:21  Drone x2  
  28  2:28  Queen  
  30  2:30  Overlord  
  30  2:32  Drone  
  31  2:38  Drone x2  
  31  2:39  Drone  
  31  2:42  Drone  
  35  2:45  Drone  
  36  2:52  Lair  
  36  2:54  Extractor  
  36  2:55  Drone  
  36  3:02  Drone  
  36  3:06  Drone  
  36  3:07  Drone  
  36  3:09  Drone  
  36  3:12  Drone x2  
  41  3:14  Drone  
  41  3:17  Drone x2  
  44  3:21  Extractor  
  43  3:27  Zergling x2  
  43  3:30  Overlord  
  44  3:37  Overlord  
  44  3:48  Overlord  
  44  3:51  Drone x3  
  44  3:52  Spire, Drone x3  
  49  4:04  Hatchery  
  49  4:09  Overlord  
  48  4:15  Zergling x8  
  51  4:20  Zergling x8  
  51  4:22  Zergling x2  
  56  4:27  Baneling Nest  
  55  4:32  Overlord  
  55  4:43  Overlord  
  50  5:03  Overlord  
  50  5:06  Mutalisk x4  
  54  5:11  Mutalisk  
  56  5:21  Mutalisk  
  54  5:22  Drone x3  
  54  5:25  Drone  
  54  5:27  Drone  
  61  5:29  Drone  
  61  5:30  Drone  
  63  5:38  Drone x4  
  63  5:39  Drone  
  69  5:42  Drone  
  69  5:43  Overseer  
  69  5:47  Mutalisk  
  69  5:48  Zergling x2  
  69  5:49  Zergling x2  
  73  5:50  Zergling x2  
  73  5:52  Zergling x2  
  73  5:53  Zergling x2  
  76  6:00  Zergling x6  
  74  6:07  Zergling x4  
  74  6:09  Zergling x6  
  76  6:12  Zergling x2, Queen  
  76  6:15  Extractor  
  73  6:20  Mutalisk  
  73  6:21  Zergling x2  
  73  6:22  Zergling x2  
  73  6:24  Overseer  
  73  6:25  Zergling x2  
  78  6:29  Zergling x2, Overseer  
  78  6:32  Zergling x2  
  77  6:46  Mutalisk  
  63  6:55  Drone x3  
  63  6:56  Drone x4  
  63  6:59  Drone  
  70  7:05  Drone  
  70  7:07  Drone  
  72  7:08  Drone  
  72  7:10  Queen, Drone  
  72  7:14  Drone  
  72  7:15  Drone x2  
  79  7:18  Drone, Evolution Chamber  
  71  7:38  Mutalisk x4  
  71  7:39  Overlord  
  71  7:40  Extractor  
  71  7:41  Overlord, Drone  
  78  7:44  Extractor  
  78  7:45  Overlord  
  78  7:47  Zerg Melee Weapons Level 1  
  78  7:50  Overlord  
  77  7:53  Spore Crawler  
  77  7:55  Drone x3  
  79  8:00  Mutalisk  
  79  8:04  Zergling x6  
  84  8:14  Overlord  
  84  8:19  Infestation Pit, Hatchery  
  82  8:21  Overlord  
  82  8:22  Mutalisk  
  82  8:24  Drone x3  
  87  8:27  Mutalisk  
  87  8:29  Zergling x2  
  87  8:30  Zergling x4  
  92  8:36  Overlord, Mutalisk  
  92  8:39  Drone x2, Mutalisk  
  98  8:42  Spore Crawler  
  98  8:44  Evolution Chamber  
  96  8:50  Mutalisk x2  
  92  9:01  Mutalisk  
  91  9:04  Mutalisk  
  91  9:05  Zergling x2  
  91  9:06  Overlord, Zergling x4  
  91  9:08  Zergling x8  
  100  9:10  Zergling x4  
  100  9:11  Zergling x4  
  102  9:20  Mutalisk  
  104  9:24  Zergling x8, Queen  
  104  9:25  Overlord  
  104  9:30  Overlord  
  107  9:31  Overlord  
  107  9:39  Drone x6  
  107  9:42  Drone x2  
  118  9:45  Zergling x2  
Tags
 
Add a new tag
Caveats
  • Supply blocks, unpowered buildings, or Contaminate may cause inaccurate times.
  • Supply counts are checked every 10 seconds.